 Dungeon Crawl Stone Soup version 0.17.1-2-g5865329 (webtiles) character file.

154 namelastname112 the Sneak (level 5, -3/41 HPs)
             Began as a Draconian Wizard on Jan 12, 2016.
             Slain by Natasha (7 damage)
             ... on level 4 of the Dungeon.
             The game lasted 00:04:58 (3214 turns).

namelastname112 the Sneak (Draconian Wizard)        Turns: 3214, Time: 00:04:58

Health: -3/41      AC:  5    Str:  9    XL:     5   Next: 13%
Magic:  6/9        EV: 12    Int: 18    God:
Gold:   154        SH:  0    Dex: 11    Spells: 1 memorised, 9 levels left

rFire  . . .     SeeInvis .     l - +0 dagger
rCold  . . .     Clarity  .     (armour unavailable)
rNeg   . . .     SustAt   .     (no shield)
rPois  .         Gourm    .     a - +0 hat
rElec  .         Spirit   .     (no cloak)
rCorr  .         Warding  .     (no gloves)
rMut   .         Stasis   .     (no boots)
MR     .....                    (no amulet)
Stlth  ++........               (no ring)
                                (no ring)

@: not resistant to hostile enchantments, unstealthy
A: unfitting armour, cold-blooded, AC +5
a: no special abilities


You were on level 4 of the Dungeon.
You were hungry.

You visited 1 branch of the dungeon, and saw 4 of its levels.

You collected 154 gold pieces.

Inventory:

Hand Weapons
 l - a +0 dagger (weapon)
Missiles
 e - 8 needles of confusion
Armour
 a - a +0 hat (worn)
Scrolls
 h - a scroll of enchant armour {unknown}
 i - 2 scrolls of remove curse {unknown}
 m - 2 scrolls of immolation {unknown}
Potions
 d - a potion of invisibility {unknown}
 j - a potion of poison {unknown}
 k - a potion of curing {unknown}
 n - 2 potions of brilliance {unknown}
Books
 b - a book of Minor Magic

   Spells                             Type                      Level
   a - Magic Dart                     Conjuration                  1
   b - Blink                          Translocation                2
   c - Call Imp                       Summoning                    2
   d - Repel Missiles                 Charms/Air                   2
   e - Slow                           Hexes                        2
   f - Conjure Flame                  Conjuration/Fire             3
   g - Mephitic Cloud                 Conjuration/Poison/Air       3
Comestibles
 c - 3 bread rations
 f - 3 fruits
 g - a slice of pizza


   Skills:
 + Level 2.1 Fighting
 * Level 0.6 Short Blades
 + Level 2.8 Dodging
 * Level 3.9 Stealth
 - Level 3.0 Spellcasting
 - Level 1.0 Conjurations
   Level 1.0 Summonings
   Level 1.0 Translocations


You had 9 spell levels left.
You knew the following spells:

 Your Spells              Type           Power        Failure   Level  Hunger
z - Magic Dart            Conj           #...         12%         1    None


Dungeon Overview and Level Annotations

Branches:
Dungeon (4/15)
 Temple: D:4-7

Altars:
Cheibriados

Annotations:
D:2 Terence
D:4 Natasha


Innate Abilities, Weirdness & Mutations

Your plain brown scales are hard (AC +5).
Your body does not fit into most forms of armour.
You are cold-blooded and may be slowed by cold attacks.


Message History

The magic dart hits Natasha.
Natasha is lightly wounded.
Natasha barely misses you.
Casting: Magic Dart
Confirm with . or Enter, or press ? or * to list all spells.
Aiming: Magic Dart
Press: ? - help, Shift-Dir - straight line, f/p - Natasha
Aim: Natasha (lightly wounded)
The magic dart hits Natasha.
Natasha is moderately wounded.
Natasha closely misses you.
Casting: Magic Dart
Confirm with . or Enter, or press ? or * to list all spells.
Aiming: Magic Dart
Press: ? - help, Shift-Dir - straight line, f/p - Natasha
Aim: Natasha (moderately wounded)
The magic dart hits Natasha.
Natasha is heavily wounded.
Natasha claws you!
You die... ##### #@h.# ###.# #

You could see Natasha.

Vanquished Creatures
  A hound (D:4)
  Ijyb (D:2)
  An adder (D:2)
  A worm (D:2)
  5 giant geckos
  2 orcs (D:3)
  A ball python (D:1)
  6 bats
  6 giant cockroaches
  8 hobgoblins
  8 jackals
  4 kobolds
  A quokka (D:2)
  4 giant newts
  11 goblins
  7 rats
67 creatures vanquished.

Notes
Turn   | Place    | Note
--------------------------------------------------------------
     0 | D:1      | namelastname112 the Draconian Wizard began the quest for the Orb.
     0 | D:1      | Reached XP level 1. HP: 14/14 MP: 4/4
   299 | D:1      | Reached XP level 2. HP: 14/22 MP: 1/6
  1105 | D:1      | Reached skill level 1 in Fighting
  1118 | D:1      | Reached XP level 3. HP: 21/28 MP: 5/7
  1543 | D:2      | Noticed Terence
  1861 | D:2      | Noticed Ijyb
  1898 | D:2      | Killed Ijyb
  1898 | D:2      | Reached XP level 4. HP: 13/36 MP: 8/8
  2244 | D:2      | Found a snail-covered altar of Cheibriados.
  2890 | D:3      | Noticed Natasha
  3047 | D:4      | Reached XP level 5. HP: 20/41 MP: 0/9
  3214 | D:4      | Slain by Natasha

Action                   |  1- 3 |  4- 6 || total
-------------------------+-------+-------++-------
Melee: Unarmed           |    43 |       ||    43
       Hand axe          |    68 |       ||    68
       Dagger            |       |    95 ||    95
 Cast: Magic Dart        |    64 |    42 ||   106
 Stab: Sleeping          |       |     2 ||     2
  Eat: Chunk             |     3 |     3 ||     6
       Fruit             |       |     1 ||     1
